 Dungeon Crawl Stone Soup version 0.30-a0-187-gd9c2deaf24 (webtiles) character file.

Game seed: 9061895010669176884

3665 Pooter the Cleaver (level 9, -5/79 HPs)
             Began as a Minotaur Monk on Oct 3, 2022.
             Was an Elder of Okawaru.
             Slain by a goliath frog (11 damage)
             ... on level 8 of the Dungeon.
             The game lasted 00:45:12 (7577 turns).

Pooter the Cleaver (Minotaur Monk)                  Turns: 7577, Time: 00:45:13

Health: -5/79      AC:  7    Str: 19    XL:     9   Next: 89%
Magic:  9/10       EV: 14    Int: 10    God:    Okawaru [****..]
Gold:   78         SH:  5    Dex: 14    Spells: 8/8 levels left

rFire   . . .      SeeInvis +    a - +1 battleaxe
rCold   . . .      Faith    .    (shield currently unavailable)
rNeg    + . .      Spirit   .    h - +0 ring mail
rPois   .          Reflect  +    J - +1 hat "Fomutz" {+Inv rF+ rN+ Will+}
rElec   .          Harm     .    (no cloak)
rCorr   .          Rampage  .    l - +0 pair of gloves of Qikuerew {rF- Int+3 SInv}
Will    +....                    g - +2 pair of boots {Fly}
Stlth   +++.......               D - amulet of reflection
HPRegen 0.33/turn                (no ring)
MPRegen 0.12/turn                (no ring)

@: heroic, corroded, flying
A: horns 2, retaliatory headbutt
a: Renounce Religion, Evoke Invisibility, Heroism, Finesse


You were on level 8 of the Dungeon.
You worshipped Okawaru.
Okawaru was greatly pleased with you.
You visited 2 branches of the dungeon, and saw 9 of its levels.

You collected 416 gold pieces.
You spent 338 gold pieces at shops.

Inventory:

Hand Weapons
 a - a +1 battleaxe (weapon)
   (You found it on level 6 of the Dungeon)
 b - a +0 sling of freezing
   (You took it off a goblin on level 4 of the Dungeon)
 q - a +2 falchion of holy wrath
   (You took it off Terence on level 2 of the Dungeon)
 A - a +1 trident
   (You found it on level 2 of the Dungeon)
 B - a +0 halberd
   (You took it off a gnoll on level 5 of the Dungeon)
 C - a +1 hand axe of electrocution
   (You took it off an orc on level 5 of the Dungeon)
 F - the +7 hand axe "Muec" {holy, rN+ Str+3}
   (You found it on level 6 of the Dungeon)

   It has been blessed by the Shining One to cause great damage to the undead
   and demons.
   Str:       It affects your strength (+3).
   rN:        It protects you from negative energy.
 I - a +0 war axe
   (You took it off a wight on level 6 of the Dungeon)
Missiles
 k - 4 silver boomerangs
 r - 7 poisoned darts (quivered)
 G - 2 throwing nets {!f}
 Q - 72 stones
Armour
 g - a +2 pair of boots of flying (worn)
   (You bought it in a shop on level 4 of the Dungeon)
 h - a +0 ring mail (worn)
   (You found it on level 1 of the Dungeon)
 l - the +0 pair of gloves of Qikuerew (worn) {rF- Int+3 SInv}
   (You acquired it on level 6 of the Dungeon)

   Int:       It affects your intelligence (+3).
   rF:        It makes you vulnerable to fire.
   SInv:      It lets you see invisible.
 J - the +1 hat "Fomutz" (worn) {+Inv rF+ rN+ Will+}
   (You acquired it on level 6 of the Dungeon)

   rF:        It protects you from fire.
   rN:        It protects you from negative energy.
   +Inv:      It lets you turn invisible.
   Will:      It increases your willpower.
Jewellery
 D - an amulet of reflection (around neck)
   (You found it on level 6 of the Dungeon)
Wands
 f - a wand of flame (26)
   (You found it on level 5 of the Dungeon)
 i - a wand of polymorph (11)
   (You found it on level 8 of the Dungeon)
 s - a wand of roots (18)
   (You took it off Jessica on level 3 of the Dungeon)
Scrolls
 j - 2 scrolls of blinking
 m - 3 scrolls of immolation {!r}
 t - 7 scrolls of teleportation {@r4}
 x - 3 scrolls of enchant armour
 y - a scroll of vulnerability {!r}
 z - a scroll of magic mapping
 H - a scroll of brand weapon {unknown}
 L - a scroll of fear {unknown}
Potions
 c - a potion of invisibility {unknown}
 d - 4 potions of mutation {!q}
 e - 2 potions of brilliance {unknown}
 n - 3 potions of curing {@q1}
 o - 2 potions of haste {unknown}
 p - 4 potions of lignification {!q}
 u - 2 potions of might {unknown}
 v - a potion of attraction {!q}
 w - 2 potions of heal wounds {@q2}
 E - 2 potions of magic
 K - a potion of berserk rage {unknown}


   Skills:
 + Level 7.5(12.5) Fighting
 * Level 10.0(15.0) Axes
 - Level 1.2(11.3) Polearms
 * Level 8.1(13.1) Ranged Weapons
 - Level 3.2(8.2) Dodging
 - Level 4.1(9.1) Stealth
 + Level 3.2 Invocations
 + Level 4.2 Evocations


You had 8 spell levels left.
You didn't know any spells.
Your spell library contained the following spells:

 Spells                   Type           Power      Damage    Failure   Level
 Apportation              Tloc           0%         N/A       54%         1
 Magic Dart               Conj           0%         1d3       54%         1
 Necrotise                Necr           0%         1d4       54%         1
 Blink                    Tloc           0%         N/A       67%         2
 Ensorcelled Hibernation  Hex/Ice        0%         N/A       67%         2
 Passwall                 Tmut/Erth      0%         N/A       67%         2
 Mephitic Cloud           Conj/Pois/Air  0%         N/A       88%         3
 Swiftness                Air            0%         N/A       88%         3
 Vhi's Electric Charge    Tloc/Air       0%         N/A       88%         3
 Manifold Assault         Tloc           0%         N/A       99%         4
 Storm Form               Tmut/Air       0%         N/A       100%        7
 Summon Small Mammal      Summ           Unusable   N/A       N/A         1
 Call Imp                 Summ           Unusable   N/A       N/A         2

Dungeon Overview and Level Annotations

Branches:
Dungeon (8/15)             Temple (1/1) D:4
   Lair: D:8-11

Altars:
Ashenzari
Cheibriados
Dithmenos
Elyvilon
Fedhas
Gozag
Hepliaklqana
Nemelex Xobeh
Okawaru
Sif Muna
Trog
Uskayaw
Vehumet
Wu Jian
Xom
Yredelemnul
Zin
The Shining One

Shops:
D:4 [?[*[

Annotations:
D:3 3 runed translucent doors, baller8008's ghost, amateur DsFi


Innate Abilities, Weirdness & Mutations

You have a pair of horns on your head.
You reflexively headbutt those who attack you in melee.


Message History

You start resting.
You feel like a meek peon again.
You start resting.
You start resting.
Things that are here:
a +0 giant spiked club; a +0 giant spiked club A black bear comes into view.
Your +0 sling of freezing is covered in frost.
b - a +0 sling of freezing (weapon)
The black bear growls angrily.
A killer bee comes into view.
Things that are here:
a +0 giant spiked club; a +0 giant spiked club An orc wizard comes into view.
It is wielding a +0 dagger.
The orc wizard moves out of view.
You see here a necrophage corpse.
Unknown command.
You start waiting.
A boulder beetle comes into view.
Aim: a boulder beetle (wandering, hasn't noticed you, will become a mana viper, a two-headed ogre, or a goliath frog, chance to affect: 41%)
The boulder beetle evaporates and reforms as a goliath frog!
Your +0 sling of freezing stops glowing.
a - a +1 battleaxe (weapon)
You gain the combat prowess of a mighty hero.
You block the goliath frog's attack. The goliath frog hits you!
You are splashed with acid!
You hit the goliath frog. Your headbutt misses the goliath frog.
The goliath frog closely misses you.
You barely miss the goliath frog. You block the goliath frog's attack.
You barely miss the goliath frog. You headbutt the goliath frog!
The goliath frog hits you but does no damage.
You block the goliath frog's attack.
You slash the goliath frog! You headbutt the goliath frog!
The goliath frog hits you!
You are splashed with acid!
* * * LOW HITPOINT WARNING * * *
You closely miss the goliath frog. The goliath frog hits you!
* * * LOW HITPOINT WARNING * * *
The acid corrodes you!
You are splashed with acid.
* * * LOW HITPOINT WARNING * * *
You closely miss the goliath frog.
You headbutt the goliath frog, but do no damage.
You hit the black bear. The goliath frog hits you!
* * * LOW HITPOINT WARNING * * *
You are splashed with acid!
* * * LOW HITPOINT WARNING * * *
The black bear barely misses you.
The black bear claws you but does no damage. x2
You completely miss the goliath frog. Your headbutt misses the goliath frog.
You barely miss the black bear. The goliath frog hits you!
You die...

.....#..# #...# #...........
#....#..# #...######.#.##
#.......# #......)†..)..#
####.#.######...###.#..#...#
.....#.##>..........########
####.#..............#
####.####...........# #....#
#####..h###.# #.##.#
#..F@...# ....<# #...#####
#.#### #...# #.# ##.## #.#
#.# #.# #. #.# # ..# ###


You could see a goliath frog and a black bear.

Vanquished Creatures
  A two-headed ogre (D:8)
  Sigmund (D:3)
  A black bear (D:8)
  An ice beast (D:7)
  4 ogres
  A phantom (D:5)
  3 bullfrogs
  Blork the orc (D:4)
  6 scorpions
  2 necrophages
  A gnoll sergeant (D:6)
  8 wights
  The ghost of MaxDestroyer007 the Trooper, a weakling MiFi (D:6)
  3 killer bees (D:7)
  3 hounds
  4 jellies
  A gnoll bouda (D:7)
  An orc priest (D:5)
  Jessica (D:3)
  Natasha (thrice) (D:3)
  Terence (D:2)
  4 orc wizards
  A mummy (D:7)
  Robin (D:4)
  12 adders
  13 gnolls
  A white imp (D:6)
  4 worms
  5 dart slugs
  21 orcs
  12 endoplasms
  6 giant cockroaches
  19 goblins
  9 hobgoblins
  10 kobolds
  7 quokkas
  13 ball pythons
  3 bats
  3 frilled lizards
  A hobgoblin zombie (D:7)
  A kobold zombie (D:7)
  2 orc zombies (D:7)
  5 rats
201 creatures vanquished.

Notes
Turn   | Place    | Note
-------+----------+-------------------------------------------
     0 | D:1      | Pooter the Minotaur Monk began the quest for the Orb.
     0 | D:1      | Reached XP level 1. HP: 19/19 MP: 0/0
   182 | D:1      | Reached skill level 4 in Axes
   182 | D:1      | Reached XP level 2. HP: 27/27 MP: 1/1
   199 | D:1      | Found a faded altar of an unknown god.
   271 | D:1      | HP: 1/27 [frozen (2)]
   409 | D:1      | Reached XP level 3. HP: 27/33 MP: 2/2
   925 | D:2      | Reached skill level 1 in Ranged Weapons
  1242 | D:2      | Reached XP level 4. HP: 37/40 MP: 3/3
  1438 | D:2      | Noticed Terence
  1480 | D:2      | Killed Terence
  1481 | D:2      | Reached skill level 5 in Axes
  1527 | D:2      | Reached XP level 5. HP: 32/47 MP: 4/4
  1867 | D:3      | Noticed Natasha
  1874 | D:3      | Killed Natasha
  1913 | D:3      | Noticed Sigmund
  2163 | D:3      | Noticed Jessica
  2220 | D:3      | Noticed Natasha
  2233 | D:3      | Killed Natasha
  2282 | D:3      | Killed Jessica
  2340 | D:3      | Noticed Natasha
  2349 | D:3      | Killed Natasha
  2350 | D:3      | Reached XP level 6. HP: 44/53 MP: 5/5
  2420 | D:3      | Found a runed translucent gate.
  2420 | D:3      | Noticed baller8008's ghost (amateur DsFi)
  2423 | D:3      | Found a runed translucent gate.
  2424 | D:3      | Found a runed translucent gate.
  2540 | D:3      | Found an ornate altar of the Wu Jian Council.
  2552 | D:3      | Killed Sigmund
  2553 | D:3      | Reached skill level 5 in Fighting
  2553 | D:3      | Reached skill level 6 in Axes
  2684 | D:3      | Reached skill level 1 in Evocations
  2862 | D:4      | Found a staircase to the Ecumenical Temple.
  2867 | Temple   | Entered the Ecumenical Temple
  2905 | Temple   | Became a worshipper of Warmaster Okawaru
  2905 | Temple   | Reached * piety under Okawaru
  2905 | Temple   | Reached ** piety under Okawaru
  2983 | D:4      | Noticed a +0 dagger
  2983 | D:4      | Noticed a +0 dagger
  2986 | D:4      | Found a hide-covered altar of Uskayaw.
  3001 | D:4      | Reached XP level 7. HP: 58/61 MP: 6/6
  3081 | D:4      | Found a white marble altar of Elyvilon.
  3084 | D:4      | Found a glowing silver altar of Zin.
  3084 | D:4      | Found a glowing golden altar of the Shining One.
  3099 | D:4      | Noticed Blork the orc
  3113 | D:4      | Killed Blork the orc
  3232 | D:4      | Found Bociunijo's Assorted Antiques.
  3253 | D:4      | Bought a bubbling white potion for 24 gold pieces
  3253 | D:4      | Bought a scroll labelled WOINYPH UROSAI for 27 gold pieces
  3305 | D:4      | Found Vureennyu's Magic Scroll Boutique.
  3313 | D:4      | Bought a scroll of identify for 24 gold pieces
  3313 | D:4      | Bought a scroll of identify for 24 gold pieces
  3313 | D:4      | Bought a scroll of identify for 24 gold pieces
  3486 | D:4      | Found Ahijenuo's Armour Shoppe.
  3570 | D:4      | Found Iggor's Antique Armour Boutique.
  3575 | D:4      | Noticed Robin
  3584 | D:4      | Killed Robin
  3775 | D:4      | Found Wefum's Antique Armour Boutique.
  3808 | D:4      | Reached skill level 7 in Axes
  4068 | D:5      | Entered Level 5 of the Dungeon
  4083 | D:5      | Found a broken altar of Ashenzari.
  4135 | D:5      | Reached skill level 5 in Ranged Weapons
  4135 | D:5      | Reached XP level 8. HP: 70/70 MP: 7/7
  4467 | D:5      | Reached skill level 1 in Polearms
  4739 | D:6      | Identified the +7 hand axe "Muec" {holy, rN+ Str+3}
  5075 | D:6      | Found a large runed translucent door.
  5076 | D:6      | Found a large runed translucent door.
  5152 | D:6      | Reached skill level 8 in Axes
  5253 | D:6      | Reached skill level 1 in Invocations
  5254 | D:6      | Reached *** piety under Okawaru
  5364 | D:6      | Identified 2 scrolls of acquirement
  5364 | D:6      | Acquired the +1 hat "Fomutz" {+Inv rF+ rN+ Will+}
  5370 | D:6      | Acquired the +0 pair of gloves of Qikuerew {rF- Int+3 SInv}
  5501 | D:6      | Found a snail-covered altar of Cheibriados.
  5569 | D:6      | Reached XP level 9. HP: 73/78 MP: 7/9
  5954 | D:6      | Found a blossoming altar of Fedhas.
  5954 | D:6      | Found a sparkling altar of Nemelex Xobeh.
  6126 | D:6      | Noticed MaxDestroyer007's ghost (weakling MiFi)
  6138 | D:6      | Killed MaxDestroyer007's ghost
  6231 | D:4      | Bought a +2 pair of boots of flying for 215 gold pieces
  6451 | D:7      | Found an opulent altar of Gozag.
  6488 | D:7      | Reached skill level 9 in Axes
  7279 | D:8      | Found a shimmering blue altar of Sif Muna.
  7357 | D:8      | Noticed a two-headed ogre
  7368 | D:8      | Killed a two-headed ogre
  7368 | D:8      | Reached **** piety under Okawaru
  7369 | D:8      | Reached skill level 10 in Axes
  7566 | D:8      | Noticed a boulder beetle
  7567 | D:8      | a boulder beetle changed into a goliath frog
  7567 | D:8      | Noticed a goliath frog
  7577 | D:8      | Slain by a goliath frog

Illustrated notes

Levels and vault maps discovered:
D:1:      minmay_arrival_wavy_path, layout_basic, basic_ecumenical_altar,
          bh_walls_and_bars
D:2:      layout_loops_ring, uniq_terence
D:3:      layout_rooms, mainiacjoe_overflow_concentric_impassable,
          gammafunk_ghost_nasty_kobolds, uniq_natasha, uniq_sigmund,
          uniq_jessica
D:4:      minmay_chambers_of_threes, layout_loops_corners,
          dreamdust_divine_triumvirate, dancing_weapons_uskayaw,
          minmay_temple_entry_statues_pillars, serial_shops,
          nicolae_stop_n_shop_2, shop, shop, shop, shop_fountains, uniq_robin,
          uniq_blork_the_orc
D:5:      layout_rooms, lemuel_crystal_altar, hangedman_decor_opposing
D:6:      layout_layer_cave, mainiacjoe_overflow_brackets,
          gammafunk_temple_overflow_elements, ebering_ghost_disaster_area
D:7:      layout_basic, kennysheep_mini_moat, minmay_mini_ossuary
D:8:      layout_loops_cross, lemuel_coloured_pillars_altar,
          lemuel_doored_altar, minmay_misc_feat_x, minmay_manual_mail
Temple:   nicolae_temple_little_seven

Skill      XL: |  1  2  3  4  5  6  7  8  9 |
---------------+----------------------------+-----
Axes           | 4 5 6 7 8 10 | 10.0
Fighting       | 4 5 6 7 |  7.5
Stealth        | 2 3 4 |  4.1
Ranged Weapons | 1 2 3 5 6 8 |  8.1
Evocations     | 1 2 3 4 |  4.2
Polearms       | 1 |  1.2
Invocations    | 1 3 |  3.2
Dodging        | |  3.2

Action                   |  1- 3 |  4- 6 |  7- 9 || total
-------------------------+-------+-------+-------++-------
Melee: Hand axe          |    40 |       |    49 ||    89
       Headbutt          |     9 |     5 |    49 ||    63
       Punch             |     1 |     1 |     1 ||     3
       Trident           |    31 |    87 |    75 ||   193
       Halberd           |       |       |    15 ||    15
       Battleaxe         |       |       |    83 ||    83
       War axe           |       |       |     5 ||     5
 Fire: Sling             |    21 |    59 |   130 ||   210
Throw: Dart              |       |     6 |     5 ||    11
       Boomerang         |       |     5 |       ||     5
Invok: Heroism           |       |       |    16 ||    16
Evoke: Wand              |       |     2 |     6 ||     8
  Use: Scroll            |     2 |     2 |    13 ||    17
       Potion            |     1 |       |     2 ||     3
 Stab: Sleeping          |       |     1 |     4 ||     5
Armor: Robe              |     6 |       |       ||     6
       Ring mail         |    15 |    17 |    68 ||   100
Dodge: Dodged            |    38 |    47 |   126 ||   211
Block: Other             |       |       |    24 ||    24

Table legend: (Time is in decaauts)
 A = Elapsed time spent in this place.
 B = Non-inter-level travel time spent in this place.
 C = Inter-level travel time spent in this place.
 D = Time resting spent in this place.
 E = Time spent auto-exploring this place.
 F = Levels seen in this place.
 G = Mean time per level.
                   A        B        C        D        E       F      G
               +--------+--------+--------+--------+--------+-----+--------+
         Total |   7638 |   7366 |    272 |    954 |   4799 |   9 |  848.7 |
       Dungeon |   7592 |   7320 |    272 |    954 |   4774 |   8 |  949.0 |
        Temple |     46 |     46 |      0 |      0 |     25 |   1 |   46.0 |
               +--------+--------+--------+--------+--------+-----+--------+

Top non-repeatable levels by time:
     D:6: 1523 daAuts
     D:4: 1257 daAuts
     D:3: 1045 daAuts
     D:2: 1034 daAuts
     D:1: 845 daAuts
     D:7: 799 daAuts
     D:5: 670 daAuts
     D:8: 416 daAuts
  Temple: 46 daAuts
